MLB
BOSTON RED SOX @ TORONTO BLUE JAYS
07/20/2020
 
TOP OF THE 1ST
Boston Red Sox batting - Pitching for Toronto Blue Jays : RHP Kendall Graveman
Pitching: RHP Kendall Graveman
Batting: LHB Zach McKinstry 0-0: Ball
1-0: Foul Ball, location: 2F
1-1: Foul Ball, location: 2F
1-2: SINGLE (Line Drive, 78M, EV 104.4 MPH)
Batting: RHB Ian Desmond 0-0: Foul Ball, location: 2F
0-1: Ball
1-1: Called Strike
1-2: Foul Ball, location: 2F
1-2: Fly out, F6 (Flyball, 56D, EV 85.0 MPH)
Batting: RHB Mike Trout 0-0: Foul Ball, location: 2F
0-1: Ball
1-1: Foul Ball, location: 2F
1-2: Ball
2-2: Foul Ball, location: 2F
2-2: Ball
3-2: Reached on error, E5 (Groundball, 5L, EV 99.4 MPH)
Zach McKinstry to third
Batting: RHB Xander Bogaerts 0-0: Foul Ball, location: 2F
0-1: Foul Ball, location: 2F
0-2: Strikes out swinging
Batting: SHB Marwin Gonzalez 0-0: Swinging Strike
0-1: Ball
1-1: Ball
2-1: Foul Ball, location: 2F
2-2: Fly out, F8 (Flyball, 78D, EV 99.4 MPH)
Top of the 1st over - 0 runs, 1 hit, 1 error, 2 left on base; Boston 0 - Toronto 0
BOTTOM OF THE 1ST
Toronto Blue Jays batting - Pitching for Boston Red Sox : RHP Alejandro Requena
Pitching: RHP Alejandro Requena
Batting: LHB Dee Gordon 0-0: Called Strike
0-1: Ball
1-1: Swinging Strike
1-2: Ball
2-2: Ball
3-2: Base on Balls
Batting: RHB Keon Broxton 0-0: Ball
Dee Gordon steals 2nd base
1-0: Ball
2-0: Swinging Strike
2-1: Ball
3-1: Sac Bunt to 25 - play at first, batter OUT! 5-3
Dee Gordon to third
Batting: RHB Kris Bryant 0-0: Ball
1-0: Foul Ball, location: 2F
1-1: Ball
2-1: Ball
3-1: Base on Balls
Batting: SHB Josh Bell 0-0: Called Strike
0-1: Ball
1-1: Grounds into double play, 6-4-3 (Groundball, 6, EV 104.4 MPH)
Bottom of the 1st over - 0 runs, 0 hits, 0 errors, 1 left on base; Boston 0 - Toronto 0
TOP OF THE 2ND
Boston Red Sox batting - Pitching for Toronto Blue Jays : RHP Kendall Graveman
Batting: RHB Jedd Gyorko 0-0: Ball
1-0: Ball
2-0: Ball
3-0: Base on Balls
Batting: LHB Joe Panik 0-0: Called Strike
0-1: Ball
1-1: Ball
2-1: Fly out, F9 (Flyball, 89S, EV 83.8 MPH)
Batting: SHB Kaleb Cowart Pickoff Throw to First - Out! 1-3
0-0: Ball
1-0: Foul Ball, location: 2F
1-1: Ball
2-1: Ball
3-1: Fly out, F8 (Flyball, 8RM, EV 78.8 MPH)
Top of the 2nd over - 0 runs, 0 hits, 0 errors, 0 left on base; Boston 0 - Toronto 0
BOTTOM OF THE 2ND
Toronto Blue Jays batting - Pitching for Boston Red Sox : RHP Alejandro Requena
Batting: RHB Aledmys Diaz 0-0: Called Strike
0-1: Ball
1-1: Foul Ball, location: 2F
1-2: Foul Ball, location: 2F
1-2: Ball
2-2: Fly out, F5 (Popup, 5, EV 60.6 MPH)
Batting: RHB Enrique Hernandez 0-0: Ball
1-0: Called Strike
1-1: Ball
2-1: SOLO HOME RUN (Flyball, 7D, EV 98.8 MPH), Distance : 376 ft
Batting: RHB Danny Mendick 0-0: Called Strike
0-1: Foul Ball, location: 2F
0-2: SINGLE (Groundball, 6MS, EV 73.1 MPH) (infield hit)
Batting: RHB Yusniel Diaz 0-0: Foul Ball, location: 2F
0-1: Foul Ball, location: 2F
0-2: Ball
1-2: Single, Error in OF, E9, batter to second base (Line Drive, 89M, EV 89.4 MPH)
Danny Mendick to third
Batting: RHB Spencer Kieboom 0-0: Ground out 6-3 (Groundball, 6M, EV 105.0 MPH)
Danny Mendick scores
Yusniel Diaz to third
Batting: LHB Dee Gordon 0-0: Foul Ball, location: 2F
0-1: Ground out U3 (Groundball, 3L, EV 87.5 MPH)
Bottom of the 2nd over - 2 runs, 3 hits, 1 error, 1 left on base; Boston 0 - Toronto 2
TOP OF THE 3RD
Boston Red Sox batting - Pitching for Toronto Blue Jays : RHP Kendall Graveman
Batting: RHB Tim Federowicz 0-0: Called Strike
0-1: Ball
1-1: Ball
2-1: Ball
3-1: Called Strike
3-2: Strikes out swinging
Batting: LHB Zach McKinstry 0-0: Ball
1-0: Ball
2-0: Ball
3-0: Called Strike
3-1: Base on Balls
Batting: RHB Ian Desmond 0-0: Called Strike
0-1: Ball
1-1: Fly out, F8 (Line Drive, 8LD, EV 93.1 MPH)
Batting: RHB Mike Trout 0-0: Swinging Strike
0-1: Ball
1-1: Ball
2-1: Ball
3-1: Foul Ball, location: 2F
3-2: Foul Ball, location: 2F
3-2: Base on Balls
Zach McKinstry to second
Batting: RHB Xander Bogaerts 0-0: Swinging Strike
0-1: Swinging Strike
0-2: Strikes out swinging
Top of the 3rd over - 0 runs, 0 hits, 0 errors, 2 left on base; Boston 0 - Toronto 2
BOTTOM OF THE 3RD
Toronto Blue Jays batting - Pitching for Boston Red Sox : RHP Alejandro Requena
Batting: RHB Keon Broxton 0-0: Foul Ball, location: 2F
0-1: Hit by Pitch
Batting: RHB Kris Bryant 0-0: Called Strike
Keon Broxton steals 2nd base (no throw)
0-1: Ball
1-1: Foul Ball, location: 2F
1-2: Ball
2-2: Fly out, F9 (Flyball, 9D, EV 86.3 MPH)
Runner from 2nd tags up, SAFE at 3rd, no throw by RF
Batting: SHB Josh Bell 0-0: Swinging Strike
0-1: Ball
1-1: Foul Ball, location: 2F
1-2: Ball
2-2: Ground out 4-3 (Groundball, 4, EV 97.5 MPH)
Keon Broxton scores
Batting: RHB Aledmys Diaz 0-0: Ball
1-0: Called Strike
1-1: Fly out, F7 (Flyball, 7S, EV 90.6 MPH)
Bottom of the 3rd over - 1 run, 0 hits, 0 errors, 0 left on base; Boston 0 - Toronto 3
TOP OF THE 4TH
Boston Red Sox batting - Pitching for Toronto Blue Jays : RHP Kendall Graveman
Batting: SHB Marwin Gonzalez 0-0: Ball
1-0: Ball
2-0: Ball
3-0: Base on Balls
Batting: RHB Jedd Gyorko 0-0: Called Strike
0-1: Grounds into double play, 4-6-3 (Groundball, P, EV 88.1 MPH)
Batting: LHB Joe Panik 0-0: Called Strike
0-1: Foul Ball, location: 2F
0-2: Fly out, F7 (Flyball, 78S, EV 91.3 MPH)
Top of the 4th over - 0 runs, 0 hits, 0 errors, 0 left on base; Boston 0 - Toronto 3
BOTTOM OF THE 4TH
Toronto Blue Jays batting - Pitching for Boston Red Sox : RHP Alejandro Requena
Batting: RHB Enrique Hernandez 0-0: Ground out 4-3 (Groundball, 34D, EV 103.1 MPH)
Batting: RHB Danny Mendick 0-0: Foul Ball, location: 2F
0-1: Ball
1-1: Ball
2-1: Foul Ball, location: 2F
2-2: Foul Ball, location: 2F
2-2: Ball
3-2: DOUBLE (Flyball, 78D, EV 93.8 MPH)
Batting: RHB Yusniel Diaz 0-0: Ball
1-0: Called Strike
1-1: Ball
2-1: Called Strike
2-2: Ball
3-2: Base on Balls
Batting: RHB Spencer Kieboom 0-0: Ball
1-0: Ball
2-0: Ball
3-0: Called Strike
3-1: Foul Ball, location: 2F
3-2: Foul Ball, location: 2F
3-2: Foul Ball, location: 2F
3-2: Fly out, F8 (Line Drive, 8RD, EV 100.0 MPH)
Batting: LHB Dee Gordon 0-0: Swinging Strike
0-1: Foul Ball, location: 2F
0-2: Ball
1-2: Foul Ball, location: 2F
1-2: Foul Ball, location: 2F
1-2: Fly out, F8 (Flyball, 8LS, EV 89.4 MPH)
Bottom of the 4th over - 0 runs, 1 hit, 0 errors, 2 left on base; Boston 0 - Toronto 3
TOP OF THE 5TH
Boston Red Sox batting - Pitching for Toronto Blue Jays : RHP Kendall Graveman
Batting: SHB Kaleb Cowart 0-0: Fly out, F9 (Flyball, 9D, EV 99.4 MPH)
Batting: RHB Tim Federowicz 0-0: Ball
1-0: Ball
2-0: Called Strike
2-1: Ball
3-1: Called Strike
3-2: Base on Balls
Batting: LHB Zach McKinstry 0-0: Ball
1-0: Fly out, F5 (Popup, 56S, EV 87.5 MPH)
Batting: RHB Ian Desmond 0-0: Ball
1-0: Ball
2-0: Foul Ball, location: 2F
2-1: 2-RUN HOME RUN (Flyball, 78XD, EV 95.0 MPH), Distance : 416 ft
Batting: RHB Mike Trout 0-0: Called Strike
0-1: Ball
1-1: Ball
2-1: Called Strike
2-2: Foul Ball, location: 2F
2-2: Ball
3-2: Ground out 6-3 (Groundball, 6, EV 98.8 MPH)
Top of the 5th over - 2 runs, 1 hit, 0 errors, 0 left on base; Boston 2 - Toronto 3
BOTTOM OF THE 5TH
Toronto Blue Jays batting - Pitching for Boston Red Sox : RHP Alejandro Requena
Pitching: LHP Tommy Layne
Batting: RHB Keon Broxton 0-0: Ground out 1-3 (Groundball, 13S, EV 71.9 MPH)
Batting: RHB Kris Bryant 0-0: Foul Ball, location: 2F
0-1: Ball
1-1: Swinging Strike
1-2: Ball
2-2: Ball
3-2: Fly out, F6 (Flyball, 56D, EV 87.5 MPH)
Batting: SHB Josh Bell 0-0: Foul Ball, location: 2F
0-1: Ball
1-1: Foul Ball, location: 2F
1-2: Ground out 6-3 (Groundball, 6, EV 103.1 MPH)
Bottom of the 5th over - 0 runs, 0 hits, 0 errors, 0 left on base; Boston 2 - Toronto 3
TOP OF THE 6TH
Boston Red Sox batting - Pitching for Toronto Blue Jays : RHP Kendall Graveman
Pitching: RHP JC Ramirez
Batting: RHB Xander Bogaerts 0-0: Called Strike
0-1: Swinging Strike
0-2: Ball
1-2: Ball
2-2: Foul Ball, location: 2F
2-2: Strikes out looking
Batting: SHB Marwin Gonzalez 0-0: Ball
1-0: Called Strike
1-1: Ball
2-1: Foul Ball, location: 2F
2-2: Ground out 3-1 (Groundball, 34, EV 109.4 MPH)
Batting: RHB Jedd Gyorko 0-0: Ball
1-0: Called Strike
1-1: Ball
2-1: Ball
3-1: Base on Balls
Batting: LHB Joe Panik 0-0: Foul Ball, location: 2F
0-1: Ball
1-1: Foul Ball, location: 2F
1-2: Foul Ball, location: 2F
1-2: Ball
2-2: Ball
3-2: Fly out, F6 (Popup, 6, EV 81.9 MPH)
Top of the 6th over - 0 runs, 0 hits, 0 errors, 1 left on base; Boston 2 - Toronto 3
BOTTOM OF THE 6TH
Toronto Blue Jays batting - Pitching for Boston Red Sox : LHP Tommy Layne
Batting: RHB Aledmys Diaz 0-0: Called Strike
0-1: Ball
1-1: Foul Ball, location: 2F
1-2: Fly out, F8 (Flyball, 8RXD, EV 101.9 MPH)
Batting: RHB Enrique Hernandez 0-0: Ball
1-0: Fly out, F4 (Popup, 4, EV 70.0 MPH)
Batting: RHB Danny Mendick 0-0: Foul Ball, location: 2F
0-1: Ball
1-1: Ball
2-1: SINGLE (Groundball, 34D, EV 100.0 MPH)
Batting: RHB Yusniel Diaz 0-0: Called Strike
0-1: Swinging Strike
0-2: Ball
1-2: Ball
2-2: Foul Ball, location: 2F
2-2: Foul Ball, location: 2F
2-2: Ball
3-2: Strikes out looking
Bottom of the 6th over - 0 runs, 1 hit, 0 errors, 1 left on base; Boston 2 - Toronto 3
TOP OF THE 7TH
Boston Red Sox batting - Pitching for Toronto Blue Jays : RHP JC Ramirez
Batting: SHB Kaleb Cowart 0-0: Ball
1-0: Ball
2-0: Foul Ball, location: 2F
2-1: Foul Ball, location: 2F
2-2: Foul Ball, location: 2F
2-2: Strikes out swinging
Batting: RHB Tim Federowicz 0-0: Foul Ball, location: 2F
0-1: Ball
1-1: Foul Ball, location: 2F
1-2: Foul Ball, location: 2F
1-2: Fly out, F4 (Popup, 4S, EV 73.8 MPH)
Batting: LHB Zach McKinstry 0-0: Ball
1-0: Ground out U3 (Groundball, 3L, EV 86.9 MPH)
Top of the 7th over - 0 runs, 0 hits, 0 errors, 0 left on base; Boston 2 - Toronto 3
BOTTOM OF THE 7TH
Toronto Blue Jays batting - Pitching for Boston Red Sox : LHP Tommy Layne
Pitching: RHP Craig Kimbrel
Batting: RHB Spencer Kieboom 0-0: Ball
1-0: Ball
2-0: Ball
3-0: Called Strike
3-1: Foul Ball, location: 2F
3-2: Foul Ball, location: 2F
3-2: Strikes out swinging
Batting: LHB Dee Gordon 0-0: Swinging Strike
0-1: Ball
1-1: Fly out, F6 (Popup, 6, EV 68.8 MPH)
Batting: RHB Keon Broxton 0-0: Ball
1-0: Ball
2-0: Swinging Strike
2-1: SOLO HOME RUN (Flyball, 78XD, EV 88.8 MPH), Distance : 437 ft
Batting: RHB Kris Bryant 0-0: Ball
1-0: Ball
2-0: Ball
3-0: Called Strike
3-1: Foul Ball, location: 2F
3-2: Foul Ball, location: 2F
3-2: Strikes out swinging
Bottom of the 7th over - 1 run, 1 hit, 0 errors, 0 left on base; Boston 2 - Toronto 4
TOP OF THE 8TH
Boston Red Sox batting - Pitching for Toronto Blue Jays : RHP JC Ramirez
Pitching: RHP Trevor Rosenthal
Batting: RHB Ian Desmond 0-0: Called Strike
0-1: Fly out, F9 (Line Drive, 9, EV 89.4 MPH)
Batting: RHB Mike Trout 0-0: Called Strike
0-1: Swinging Strike
0-2: Strikes out looking
Batting: RHB Xander Bogaerts 0-0: Ball
1-0: SOLO HOME RUN (Flyball, 7D, EV 95.0 MPH), Distance : 384 ft
Batting: SHB Marwin Gonzalez 0-0: Ball
1-0: Called Strike
1-1: Called Strike
1-2: Fly out, F8 (Flyball, 89M, EV 96.3 MPH)
Top of the 8th over - 1 run, 1 hit, 0 errors, 0 left on base; Boston 3 - Toronto 4
BOTTOM OF THE 8TH
Toronto Blue Jays batting - Pitching for Boston Red Sox : RHP Craig Kimbrel
Pitching: LHP Sam Selman
Batting: SHB Josh Bell 0-0: Ball
1-0: Ball
2-0: Ball
3-0: Called Strike
3-1: Foul Ball, location: 2F
3-2: Base on Balls
Batting: RHB Aledmys Diaz 0-0: Ball
1-0: Swinging Strike
1-1: Ball
2-1: Ball
3-1: Called Strike
3-2: Foul Ball, location: 2F
3-2: Base on Balls
Josh Bell to second
Batting: RHB Enrique Hernandez 0-0: Sac Bunt to 3S - play at third, runner OUT! 3-5
Aledmys Diaz to second
Batting: RHB Danny Mendick 0-0: Ball
1-0: Ball
Wild Pitch!
Aledmys Diaz to third
Enrique Hernandez to second
2-0: Ball
3-0: Base on Balls
Pitching: RHP Kyle Keller
Batting: RHB Yusniel Diaz 0-0: Foul Ball, location: 2F
0-1: Ball
1-1: Ball
2-1: Swinging Strike
2-2: Ball
3-2: Base on Balls
Aledmys Diaz scores
Enrique Hernandez to third
Danny Mendick to second
Batting: RHB Spencer Kieboom 0-0: Ball
1-0: Ball
2-0: Ball
3-0: Called Strike
3-1: Called Strike
3-2: Grounds into fielders choice 4-2 (Groundball, 13, EV 85.0 MPH)
Danny Mendick to third
Yusniel Diaz to second
Batting: LHB Dee Gordon 0-0: Ball
1-0: Fly out, F7 (Flyball, 7LM, EV 108.1 MPH)
Bottom of the 8th over - 1 run, 0 hits, 0 errors, 3 left on base; Boston 3 - Toronto 5
TOP OF THE 9TH
Boston Red Sox batting - Pitching for Toronto Blue Jays : RHP Trevor Rosenthal
Pitching: RHP Andres Munoz
Batting: RHB Jedd Gyorko 0-0: Called Strike
0-1: Foul Ball, location: 2F
0-2: Ball
1-2: SOLO HOME RUN (Flyball, 78XD, EV 97.5 MPH), Distance : 406 ft
Batting: LHB Joe Panik 0-0: Called Strike
0-1: Ball
1-1: DOUBLE (Line Drive, 5D, EV 109.4 MPH)
Batting: SHB Kaleb Cowart 0-0: Ground out 5-3 (Groundball, 5L, EV 87.5 MPH)
Batting: RHB Tim Federowicz 0-0: Called Strike
0-1: Called Strike
0-2: Ball
1-2: Strikes out swinging
Batting: LHB Zach McKinstry 0-0: Called Strike
0-1: Ball
1-1: Called Strike
1-2: Ball
2-2: Strikes out swinging
Top of the 9th over - 1 run, 2 hits, 0 errors, 1 left on base; Boston 4 - Toronto 5
Friday, September 18th, 2020 - OOTP Baseball 21.5 Build 76